 Dungeon Crawl Stone Soup version 0.18-a0-750-g37044d6 (webtiles) character file.

73 Ijustatesigmund the Sneak (level 4, 0/36 HPs)
             Began as a Naga Wizard on Dec 12, 2015.
             Slain by Ijyb (3 damage)
             ... on level 2 of the Dungeon.
             The game lasted 00:08:45 (3019 turns).

Ijustatesigmund the Sneak (Naga Wizard)             Turns: 3019, Time: 00:08:46

Health: 0/36       AC:  2    Str:  9    XL:     4   Next: 27%
Magic:  1/8        EV:  9    Int: 19    God:
Gold:   127        SH:  0    Dex: 10    Spells: 4 memorised, 1 level left

rFire  + . .     SeeInvis +     f - +2 dagger
rCold  + . .     Clarity  .     a - +0 robe
rNeg   . . .     SustAt   +     (no shield)
rPois  +         Gourm    .     b - +0 hat
rElec  +         Spirit   .     (no cloak)
rCorr  +         Dismiss  .     (no gloves)
rMut   .         Stasis   .     (no barding)
MR     .....                    (no amulet)
Stlth  +++.......               (no ring)
                                j - ring of sustain attributes

@: resistant, very slightly contaminated, hasted, quick, not resistant to
hostile enchantments, fairly stealthy
A: see invisible, deformed body, poison resistance, slowness 2, slow metabolism
1, spit poison 2, AC +1
a: Spit Poison


You were on level 2 of the Dungeon.
You were very hungry.

You visited 1 branch of the dungeon, and saw 3 of its levels.

You collected 127 gold pieces.

Inventory:

Hand Weapons
 f - a +2 dagger (weapon)
Armour
 a - a +0 robe (worn)
 b - a +0 hat (worn)
Jewellery
 j - a ring of sustain attributes (left hand)
Scrolls
 m - a scroll of amnesia
Potions
 e - a potion of agility {unknown}
 g - a potion of resistance
 h - 2 potions of haste
 n - a potion of brilliance {unknown}
Books
 c - a book of Minor Magic

   Spells                             Type                      Level
   a - Magic Dart                     Conjuration                  1
   b - Blink                          Translocation                2
   c - Call Imp                       Summoning                    2
   d - Repel Missiles                 Charms/Air                   2
   e - Slow                           Hexes                        2
   f - Conjure Flame                  Conjuration/Fire             3
   g - Mephitic Cloud                 Conjuration/Poison/Air       3
Comestibles
 d - 2 bread rations


   Skills:
 - Level 1.5 Dodging
 + Level 5.0 Stealth
 - Level 3.0 Spellcasting
 + Level 3.0 Conjurations
   Level 1.0 Summonings
 - Level 1.0 Translocations


You had one spell level left.
You knew the following spells:

 Your Spells              Type           Power        Failure   Level  Hunger
a - Magic Dart            Conj           ##..         6%          1    None
b - Blink                 Tloc           N/A          17%         2    ##.....
c - Repel Missiles        Chrm/Air       #.....       24%         2    ##.....
d - Mephitic Cloud        Conj/Pois/Air  #.......     34%         3    ###....


Dungeon Overview and Level Annotations

Branches:
Dungeon (3/15)

Altars:
Elyvilon
Vehumet
Yredelemnul

Annotations:
D:2 Ijyb, Robin


Innate Abilities, Weirdness & Mutations

You cannot wear boots.
Your serpentine skin is tough (AC +1).
You have supernaturally acute eyesight.
Armour fits poorly on your strangely shaped body.
Your system is resistant to poisons.
You cover ground very slowly.
You have a slow metabolism.
You can spit poison.


Message History

Press: ? - help, Shift-Dir - straight line, f/p - Ijyb
Aim: Ijyb (severely wounded)
The magic dart hits Ijyb.
Ijyb is severely wounded.
You closely miss Ijyb.
Ijyb is severely wounded.
Ijyb hits you.
* * * LOW HITPOINT WARNING * * *
You hit Ijyb.
Ijyb is almost dead.
Ijyb closely misses you.
You hit Ijyb but do no damage.
Ijyb is almost dead.
You closely miss Ijyb.
Ijyb is almost dead.
Ijyb closely misses you.
You hit Ijyb but do no damage.
Ijyb is almost dead.
Ijyb hits you.
You die...

#.......#####.##.## #####
##.g#####...###...###...###
#..#.....P....._.....P....
#.(##..#...###...###...#..
#...(.(########.## #####..
#.(##.#.....#.#.# #......
#..##.#...)..##.## #......
#..##.#......#...# #......
#.....#..@...#.P.# #......
##.####...g..#...# #......
#...........##.## #......
##########...#.####......
###.#.#.........
.......<#.#.######## ###
#########.#.#
#.#########...#.#
#.............#.#


You could see Ijyb.

Vanquished Creatures
  An adder (D:3)
  An ooze (D:1)
  2 orcs (D:3)
  11 hobgoblins
  2 jackals (D:3)
  A quokka (D:2)
  5 bats
  2 giant cockroaches (D:1)
  5 giant newts
  12 goblins
  6 kobolds
  10 rats
58 creatures vanquished.

Notes
Turn   | Place    | Note
--------------------------------------------------------------
     0 | D:1      | Ijustatesigmund the Naga Wizard began the quest for the Orb.
     0 | D:1      | Reached XP level 1. HP: 15/15 MP: 4/4
   458 | D:1      | Reached XP level 2. HP: 22/22 MP: 3/6
   462 | D:1      | Learned a level 2 spell: Blink
   465 | D:1      | Learned a level 2 spell: Repel Missiles
   798 | D:1      | Reached XP level 3. HP: 28/28 MP: 4/7
  1049 | D:1      | Reached skill level 4 in Stealth
  1407 | D:2      | Found a white marble altar of Elyvilon.
  1461 | D:2      | Noticed Robin
  2229 | D:3      | Found a basalt altar of Yredelemnul.
  2230 | D:3      | Found a radiant altar of Vehumet.
  2276 | D:3      | Reached XP level 4. HP: 36/36 MP: 5/8
  2281 | D:3      | Learned a level 3 spell: Mephitic Cloud
  2698 | D:2      | Reached skill level 5 in Stealth
  2959 | D:2      | Noticed Ijyb
  3019 | D:2      | Slain by Ijyb

Vault maps used:
D:1:      dpeg_arrival_castle, st_stairs_9
D:2:      elyvilon_altar_1, uniq_iyjb, uniq_robin
D:3:      minitemple

Action                   |  1- 3 |  4- 6 || total
-------------------------+-------+-------++-------
Melee: Dagger            |    19 |    55 ||    74
 Cast: Magic Dart        |    77 |    39 ||   116
       Repel Missiles    |     1 |       ||     1
       Blink             |     1 |       ||     1
 Abil: Spit Poison       |     2 |       ||     2
  Use: Scroll            |     6 |     3 ||     9
       Potion            |       |     4 ||     4
  Eat: Chunk             |     2 |     2 ||     4
